Lightning vs Coyotes

Created - Saturday, February 21, 2015 at 22:46

Goals
1 2 3 T
Lightning 2 4 3 9
Coyotes 0 2 0 2
Shots
1 2 3 T
Lightning 9 13 18 40
Coyotes 8 7 8 23

1st period

1. Lightning , Dmitry Kulikov 9 (Marc Methot) at 1:49 (SH)
2. Lightning , Alex Chiasson 16 (Ryan Nugent-Hopkins, Roman Polak) at 6:07

Penalties :
Ryan Suter (TB ) for Holding (Minor) at 0:59, Pierre-Marc Bouchard (Ari) for Slashing (Minor) at 2:39

2nd period

3. Coyotes , Jaden Schwartz 28 (Evan Oberg, Paul Byron) at 1:10
4. Lightning , Alex Chiasson 17 (Marc Methot, Dmitry Kulikov) at 2:08
5. Coyotes , Sean Monahan 21 (Jaden Schwartz) at 6:45 (PP)
6. Lightning , Alex Chiasson 18 (Jiri Tlusty, Ryan Nugent-Hopkins) at 11:25 (PP)
7. Lightning , Matt Calvert 5 (Marc Methot) at 12:56
8. Lightning , Ryan Suter 17 (Erik Condra, Shawn Matthias) at 18:42

Penalties :
Dmitry Kulikov (TB ) for Hooking (Minor) at 5:22, Dale Weise (Ari) for Hooking (Minor) at 10:56, John Mitchell (TB ) for Hooking (Minor) at 15:23

3rd period

9. Lightning , Patrick Marleau 29 (Brandon Dubinsky, Ryan Suter) at 7:15 (PP)
10. Lightning , Ryan Suter 18 (Shawn Matthias, Tyson Barrie) at 13:27
11. Lightning , Ryan Nugent-Hopkins 11 (Marc Methot, Alex Chiasson) at 14:07

Penalties :
T.J. Brennan (Ari) for Cross-checking (Minor) at 6:23, Eric Nystrom (Ari) for Interference (Minor) at 19:11

Goalie Stats

Ben Scrivens (TB ), 21 saves from 23 shots - (0.913), W, 6-1-0, 60:00 minutes
Mike McKenna (Ari), 14 saves from 18 shots - (0.778), L, 3-7-0, 31:25 minutes
Carter Hutton (Ari), 17 saves from 22 shots - (0.773), 28:35 minutes

Players Stats for Lightning

Player Name              G  A  P  +/- PIM S  H  SB GA TA FO     MP     PP MP  PK MP  
------------------------------------------------------------------------------------
Alex Chiasson            3  1  4   3  0   6  2  0  6  0  0/2    17:01   1:48   0:00 
Brandon Dubinsky         0  1  1  -1  0   2  0  0  0  1  4/14   19:21   2:01   3:08 
Dave Bolland             0  0  0   1  0   1  0  0  0  0  4/7    13:02   0:00   0:00 
Dmitry Kulikov           1  1  2   5  2   3  1  1  1  0  0/0    21:24   1:32   1:43 
Erik Condra              0  1  1   2  0   4  0  0  0  1  0/0     7:53   0:00   0:00 
Jiri Tlusty              0  1  1   3  0   0  1  0  0  0  0/1    17:01   1:48   0:00 
John Mitchell            0  0  0   3  2   1  1  0  2  1  4/9    10:19   0:00   1:38 
Marc Methot              0  4  4   5  0   1  0  2  0  1  0/0    21:14   0:50   3:09 
Matt Calvert             1  0  1   1  0   1  2  1  5  0  0/0    13:02   0:00   0:00 
Mattias Ekholm           0  0  0   0  0   0  0  1  0  1  0/0    16:32   0:00   0:00 
Nikolai Kulemin          0  0  0   2  0   0  1  0  2  0  0/1    16:58   0:00   3:07 
Ondrej Palat             0  0  0  -1  0   2  0  1  0  0  1/2    15:24   1:31   0:00 
Patrick Marleau          1  0  1  -1  0   3  0  0  3  0  0/0    18:08   2:01   1:55 
Roman Polak              0  1  1   0  0   0  1  2  0  3  0/0    19:15   0:00   2:43 
Ryan Nugent-Hopkins      1  2  3   3  0   3  3  0  3  0  3/10   18:06   1:48   0:16 
Ryan Suter               2  1  3   1  2   8  4  1  2  1  0/0    21:22   2:47   2:09 
Shawn Matthias           0  2  2   2  0   2  1  0  0  1  0/0     7:53   0:00   0:00 
Tyson Barrie             0  1  1   1  0   3  1  1  0  0  0/0    20:41   2:59   0:20 

Players Stats for Coyotes

Player Name              G  A  P  +/- PIM S  H  SB GA TA FO     MP     PP MP  PK MP  
------------------------------------------------------------------------------------
Dale Weise               0  0  0  -1  2   0  2  0  0  0  0/0    10:57   0:00   0:00 
David Jones              0  0  0  -2  0   2  1  0  0  0  0/0    15:13   2:28   0:00 
Eric Nystrom             0  0  0  -2  2   0  0  2  0  1  0/0    15:33   0:00   2:20 
Evan Oberg               0  1  1  -2  0   0  1  1  0  0  0/0    16:16   2:08   0:00 
Jaden Schwartz           1  1  2   1  0   5  0  1  4  1  0/1    18:59   2:28   0:41 
Joakim Andersson         0  0  0  -3  0   2  2  1  4  2  8/15   19:32   2:34   3:14 
Mark Borowiecki          0  0  0  -3  0   1  3  2  0  2  0/0    21:16   0:00   1:54 
Markus Granlund          0  0  0  -1  0   2  0  1  2  1  4/6    11:46   0:00   0:48 
Michael Kostka           0  0  0  -1  0   1  0  0  0  0  0/0    22:28   2:54   1:55 
Nick Petrecki            0  0  0  -1  0   0  0  0  0  0  0/0    13:57   0:00   0:00 
Paul Byron               0  1  1   0  0   0  2  1  1  0  0/1    18:51   2:34   0:35 
Pierre-Marc Bouchard     0  0  0  -4  2   3  0  0  4  1  0/1    14:09   2:33   0:00 
Sean Monahan             1  0  1   1  0   2  0  0  3  0  10/13  17:59   2:28   0:00 
Stephen Weiss            0  0  0  -3  0   1  1  1  0  1  8/9    10:56   0:00   0:00 
Steve Quailer            0  0  0  -1  0   2  0  1  0  2  0/0    10:58   0:00   0:00 
T.J. Brennan             0  0  0  -4  2   1  0  4  0  1  0/0    19:58   2:08   0:50 
Terry Broadhurst         0  0  0  -3  0   0  1  1  0  0  0/0    10:56   0:00   0:00 
Tom Gilbert              0  0  0  -1  0   1  1  0  0  1  0/0    26:04   2:54   2:59 

3 Stars

1 - Alex Chiasson (TB )
2 - Marc Methot (TB )
3 - Ryan Nugent-Hopkins (TB )

Power Play

Lightning - 2 on 4 Attempt(s) - 50.00%
Coyotes - 1 on 3 Attempt(s) - 33.33%

Penalty Kill

Lightning - 2 on 3 Attempt(s) - 66.67% - Score 1 goal in Penalty Kill
Coyotes - 2 on 4 Attempt(s) - 50.00% - Score 0 goal in Penalty Kill

Team Stat

Lightning - Hits : 18 - Faceoff Wins : 16 - Blocked Shots : 10 - Penalty Minutes : 6
Coyotes - Hits : 14 - Faceoff Wins : 30 - Blocked Shots : 16 - Penalty Minutes : 8

Official

Referees : Unknown
Linesman : Unknown

Game Notes

Alex Chiasson has scored a Hat Trick!
Carter Hutton enters game at 11:25 of 2nd period

Finance

Level 1 -- Attendance: 4394 (73.23%) -- Ticket Income $404,248
Level 2 -- Attendance: 3792 (75.84%) -- Ticket Income $227,520
Level 3 -- Attendance: 1616 (80.80%) -- Ticket Income $51,712
Level 4 -- Attendance: 3146 (78.65%) -- Ticket Income $62,920
Luxury Box -- Attendance: 748 (74.80%) -- Ticket Income $138,380
Game was played at the Glendale Arena'
Total Attendance: 13696 (76.09%)
Total Ticket Income: $884,780
Other Income: $433,542
Total Income: $1,318,322

Lightning

5 vs 5 Forward 
   Center                   Left Wing                Right Wing               Time % Phy DF OF 
 1 Brandon Dubinsky         Ondrej Palat             Patrick Marleau          30     1   2  2  
 2 Ryan Nugent-Hopkins      Jiri Tlusty              Alex Chiasson            30     0   2  3  
 3 Dave Bolland             Matt Calvert             Nikolai Kulemin          25     1   3  1  
 4 John Mitchell            Shawn Matthias           Erik Condra              15     1   3  1  

5 vs 5 Defense 
   Defense                  Defense                                           Time % Phy DF OF 
 1 Ryan Suter               Tyson Barrie                                      34     1   2  2  
 2 Marc Methot              Dmitry Kulikov                                    33     1   2  2  
 3 Roman Polak              Mattias Ekholm                                    33     1   2  2  
 4 Dmitry Kulikov           Tyson Barrie                                      0      1   2  2  

PowerPlay Forward 
   Center                   Left Wing                Right Wing               Time % Phy DF OF 
 1 Brandon Dubinsky         Ondrej Palat             Patrick Marleau          50     0   1  4  
 2 Ryan Nugent-Hopkins      Jiri Tlusty              Alex Chiasson            50     0   1  4  

PowerPlay Defense
   Defense                  Defense                                           Time % Phy DF OF 
 1 Ryan Suter               Tyson Barrie                                      60     1   2  2  
 2 Marc Methot              Dmitry Kulikov                                    40     1   2  2  

Penalty Kill 4 Players Forward 
   Center                   Wing                     Time % Phy DF OF 
 1 John Mitchell            Nikolai Kulemin          50     1   4  0  
 2 Brandon Dubinsky         Patrick Marleau          50     1   4  0  

Penalty Kill 4 Players Defense
   Defense                  Defense                  Time % Phy DF OF 
 1 Marc Methot              Dmitry Kulikov           50     1   4  0  
 2 Ryan Suter               Roman Polak              50     1   4  0  

Penalty Kill - 3 Players Forward 
   Forward                                           Time % Phy DF OF 
 1 John Mitchell                                     50     1   4  0  
 2 Brandon Dubinsky                                  50     1   4  0  

Penalty Kill - 3 Players Defense
   Defense                  Defense                  Time % Phy DF OF 
 1 Marc Methot              Dmitry Kulikov           50     1   4  0  
 2 Ryan Suter               Roman Polak              50     1   4  0  

4 vs 4 Forward 
   Center                   Wing                     Time % Phy DF OF 
 1 Brandon Dubinsky         Patrick Marleau          50     0   2  3  
 2 Ryan Nugent-Hopkins      Ondrej Palat             50     0   2  3  

4 vs 4 Defense
   Defense                  Defense                  Time % Phy DF OF 
 1 Ryan Suter               Tyson Barrie             60     1   2  2  
 2 Marc Methot              Dmitry Kulikov           40     1   2  2  

Last Minutes Offensive
   Center                   Left Wing                Right Wing               Defense                  Defense                  
   Brandon Dubinsky         Ondrej Palat             Patrick Marleau          Ryan Suter               Tyson Barrie             

Last Minutes Defensive
   Center                   Left Wing                Right Wing               Defense                  Defense                  
   Brandon Dubinsky         Patrick Marleau          Nikolai Kulemin          Ryan Suter               Marc Methot              

Goaltenders
Starting : Ben Scrivens             
Backup : Carey Price              

Extra Forwards
Normal : Ondrej Palat, Patrick Marleau, Ryan Nugent-Hopkins - PP : Ondrej Palat, Patrick Marleau - PK : Nikolai Kulemin
Extra Defensemen
Normal : Ryan Suter, Dmitry Kulikov, Marc Methot - PP : Ryan Suter - PK : Ryan Suter, Marc Methot
Penalty Shots
Patrick Marleau, Nikolai Kulemin, Ryan Nugent-Hopkins, Ondrej Palat, Jiri Tlusty

Coyotes

5 vs 5 Forward 
   Center                   Left Wing                Right Wing               Time % Phy DF OF 
 1 Sean Monahan             Jaden Schwartz           Paul Byron               35     1   2  2  
 2 Joakim Andersson         Eric Nystrom             David Jones              30     1   2  2  
 3 Stephen Weiss            Terry Broadhurst         Pierre-Marc Bouchard     22     1   2  2  
 4 Markus Granlund          Steve Quailer            Dale Weise               13     1   2  2  

5 vs 5 Defense 
   Defense                  Defense                                           Time % Phy DF OF 
 1 Tom Gilbert              Michael Kostka                                    35     1   2  2  
 2 Mark Borowiecki          T.J. Brennan                                      30     1   2  2  
 3 Evan Oberg               Nick Petrecki                                     22     1   2  2  
 4 Tom Gilbert              Mark Borowiecki                                   13     1   2  2  

PowerPlay Forward 
   Center                   Left Wing                Right Wing               Time % Phy DF OF 
 1 Sean Monahan             Jaden Schwartz           David Jones              60     1   2  2  
 2 Joakim Andersson         Paul Byron               Pierre-Marc Bouchard     40     1   2  2  

PowerPlay Defense
   Defense                  Defense                                           Time % Phy DF OF 
 1 Tom Gilbert              Michael Kostka                                    60     1   2  2  
 2 Evan Oberg               T.J. Brennan                                      40     1   2  2  

Penalty Kill 4 Players Forward 
   Center                   Wing                     Time % Phy DF OF 
 1 Joakim Andersson         Eric Nystrom             60     1   2  2  
 2 Paul Byron               Jaden Schwartz           40     1   2  2  

Penalty Kill 4 Players Defense
   Defense                  Defense                  Time % Phy DF OF 
 1 Mark Borowiecki          Tom Gilbert              60     1   2  2  
 2 T.J. Brennan             Michael Kostka           40     1   2  2  

Penalty Kill - 3 Players Forward 
   Forward                                           Time % Phy DF OF 
 1 Joakim Andersson                                  60     1   2  2  
 2 Paul Byron                                        40     1   2  2  

Penalty Kill - 3 Players Defense
   Defense                  Defense                  Time % Phy DF OF 
 1 Mark Borowiecki          Tom Gilbert              60     1   2  2  
 2 T.J. Brennan             Michael Kostka           40     1   2  2  

4 vs 4 Forward 
   Center                   Wing                     Time % Phy DF OF 
 1 Joakim Andersson         Jaden Schwartz           60     1   2  2  
 2 Sean Monahan             Paul Byron               40     1   2  2  

4 vs 4 Defense
   Defense                  Defense                  Time % Phy DF OF 
 1 Tom Gilbert              Michael Kostka           60     1   2  2  
 2 T.J. Brennan             Evan Oberg               40     1   2  2  

Last Minutes Offensive
   Center                   Left Wing                Right Wing               Defense                  Defense                  
   Sean Monahan             Jaden Schwartz           David Jones              Tom Gilbert              Michael Kostka           

Last Minutes Defensive
   Center                   Left Wing                Right Wing               Defense                  Defense                  
   Joakim Andersson         Jaden Schwartz           Eric Nystrom             Mark Borowiecki          Tom Gilbert              

Goaltenders
Starting : Mike McKenna             
Backup : Carter Hutton            

Extra Forwards
Normal : Jaden Schwartz, Sean Monahan, Eric Nystrom - PP : Stephen Weiss, Eric Nystrom - PK : Markus Granlund
Extra Defensemen
Normal : Michael Kostka, T.J. Brennan, Evan Oberg - PP : Evan Oberg - PK : Evan Oberg, Nick Petrecki
Penalty Shots
Jaden Schwartz, Sean Monahan, Joakim Andersson, David Jones, Paul Byron

% Time on Ice - Lightning

Lines # - Real PCT - Wanted PCT - Time Play
Normal Forward
1 - 29% - 30% - 14:42
2 - 30% - 30% - 15:13
3 - 26% - 25% - 13:02
4 - 16% - 15% - 7:53
Normal Defense
1 - 34% - 34% - 17:16
2 - 32% - 33% - 16:26
3 - 33% - 33% - 16:32
4 - 1% - 0% - 0:36
PP Forward
1 - 53% - 50% - 2:01
2 - 47% - 50% - 1:48
PP Defense
1 - 78% - 60% - 2:59
2 - 22% - 40% - 0:50
PK Forward
1 - 62% - 50% - 3:07
2 - 38% - 50% - 1:55
PK Defense
1 - 46% - 50% - 2:19
2 - 54% - 50% - 2:43
PK3 Forward
1 - 0% - 50%
2 - 0% - 50%
PK3 Defense
1 - 0% - 50%
2 - 0% - 50%
44 Forward
1 - 100% - 50% - 0:19
2 - 0% - 50% - 0:00
44 Defense
1 - 100% - 60% - 0:19
2 - 0% - 40% - 0:00
Last Minute Offensive  - 0:00
Last Minute Defensive  - 0:00
Total
Forward - 60:00
Defense - 60:00

% Time on Ice - Coyotes

Lines # - Real PCT - Wanted PCT - Time Play
Normal Forward
1 - 31% - 35% - 16:00
2 - 25% - 30% - 12:56
3 - 22% - 22% - 10:56
4 - 22% - 13% - 10:58
Normal Defense
1 - 33% - 35% - 16:51
2 - 33% - 30% - 17:01
3 - 27% - 22% - 13:57
4 - 6% - 13% - 3:01
PP Forward
1 - 49% - 60% - 2:28
2 - 51% - 40% - 2:34
PP Defense
1 - 58% - 60% - 2:54
2 - 42% - 40% - 2:08
PK Forward
1 - 85% - 60% - 3:14
2 - 15% - 40% - 0:35
PK Defense
1 - 78% - 60% - 2:59
2 - 22% - 40% - 0:50
PK3 Forward
1 - 0% - 60%
2 - 0% - 40%
PK3 Defense
1 - 0% - 60%
2 - 0% - 40%
44 Forward
1 - 100% - 60% - 0:19
2 - 0% - 40% - 0:00
44 Defense
1 - 100% - 60% - 0:19
2 - 0% - 40% - 0:00
Last Minute Offensive  - 0:00
Last Minute Defensive  - 0:00
Total
Forward - 60:00
Defense - 60:00

Play by Play

1st period


0:01 of 1st period - Sean Monahan wins face-off versus Brandon Dubinsky in neutral zone.
0:06 of 1st period - Snap shot by Jaden Schwartz.
0:06 of 1st period - Stopped by Ben Scrivens without a rebound.
0:07 of 1st period - Sean Monahan wins face-off versus Ondrej Palat in Lightning zone.
0:59 of 1st period - Minor Penalty to Ryan Suter for Holding.
1:00 of 1st period - John Mitchell wins face-off versus Jaden Schwartz in Lightning zone.
1:49 of 1st period - Slapshot by Dmitry Kulikov.
1:49 of 1st period - Goal by Dmitry Kulikov - Lightning : 1 - Coyotes : 0.
1:50 of 1st period - Joakim Andersson wins face-off versus John Mitchell in neutral zone.
1:55 of 1st period - Wrist shot by Pierre-Marc Bouchard.
1:55 of 1st period - Stopped by Ben Scrivens without a rebound.
1:56 of 1st period - John Mitchell wins face-off versus Joakim Andersson in Lightning zone.
1:56 of 1st period - John Mitchell is hit by Paul Byron.
2:10 of 1st period - Wrist shot by Joakim Andersson.
2:10 of 1st period - Stopped by Ben Scrivens without a rebound.
2:11 of 1st period - Sean Monahan wins face-off versus John Mitchell in Lightning zone.
2:14 of 1st period - Slapshot by Sean Monahan.
2:14 of 1st period - Deflect By Jaden Schwartz.
2:14 of 1st period - Shot Blocked by Roman Polak.
2:14 of 1st period - Puck is out of play.
2:15 of 1st period - Sean Monahan wins face-off versus John Mitchell in Lightning zone.
2:16 of 1st period - Snap shot by Jaden Schwartz.
2:16 of 1st period - Shot Misses the Net.
2:34 of 1st period - Slapshot by Marc Methot.
2:34 of 1st period - Shot Misses the Net.
2:36 of 1st period - Snap shot by John Mitchell.
2:36 of 1st period - Stopped by Mike McKenna without a rebound.
2:37 of 1st period - Joakim Andersson wins face-off versus Brandon Dubinsky in Coyotes zone.
2:39 of 1st period - Minor Penalty to Pierre-Marc Bouchard for Slashing.
2:40 of 1st period - Joakim Andersson wins face-off versus Brandon Dubinsky in Coyotes zone.
2:53 of 1st period - Slapshot by Tyson Barrie.
2:53 of 1st period - Shot Blocked by Jaden Schwartz.
2:55 of 1st period - Snap shot by Brandon Dubinsky.
2:55 of 1st period - Shot Misses the Net.
2:57 of 1st period - Wrist shot by Patrick Marleau.
2:57 of 1st period - Stopped by Mike McKenna with a rebound.
2:59 of 1st period - Penalty to Ryan Suter is over, Ryan Suter is back on ice.
2:59 of 1st period - Snap shot by Brandon Dubinsky.
2:59 of 1st period - Stopped by Mike McKenna with a rebound.
3:39 of 1st period - Tom Gilbert is hit by Jiri Tlusty and loses puck.
4:09 of 1st period - Joakim Andersson is hit by Dmitry Kulikov and loses puck.
4:23 of 1st period - Off-side.
4:24 of 1st period - Ondrej Palat wins face-off versus Paul Byron in neutral zone.
4:39 of 1st period - Penalty to Pierre-Marc Bouchard is over, Pierre-Marc Bouchard is back on ice.
4:53 of 1st period - Icing by Joakim Andersson.
4:54 of 1st period - Joakim Andersson wins face-off versus Dave Bolland in Coyotes zone.
5:54 of 1st period - Evan Oberg is hit by Ryan Nugent-Hopkins and loses puck.
6:07 of 1st period - Snap shot by Alex Chiasson.
6:07 of 1st period - Goal by Alex Chiasson - Lightning : 2 - Coyotes : 0.
6:08 of 1st period - Sean Monahan wins face-off versus Brandon Dubinsky in neutral zone.
7:17 of 1st period - Slapshot by Ryan Suter.
7:17 of 1st period - Shot Misses the Net.
7:19 of 1st period - Snap shot by Ryan Suter.
7:19 of 1st period - Stopped by Mike McKenna with a rebound.
7:21 of 1st period - Wrist shot by John Mitchell.
7:21 of 1st period - Shot Misses the Net.
7:31 of 1st period - Ryan Suter is hit by Mark Borowiecki and loses puck.
7:48 of 1st period - Ryan Nugent-Hopkins is hit by Mark Borowiecki and loses puck.
7:55 of 1st period - Stephen Weiss is hit by Alex Chiasson and loses puck.
8:52 of 1st period - Slapshot by David Jones.
8:52 of 1st period - Stopped by Ben Scrivens with a rebound.
9:37 of 1st period - Wrist shot by Markus Granlund.
9:37 of 1st period - Shot Blocked by Roman Polak.
9:53 of 1st period - Wrist shot by Stephen Weiss.
9:53 of 1st period - Shot Misses the Net.
10:42 of 1st period - John Mitchell is hit by Dale Weise and loses puck.
10:47 of 1st period - Slapshot by Tom Gilbert.
10:47 of 1st period - Stopped by Ben Scrivens with a rebound.
10:57 of 1st period - Snap shot by Pierre-Marc Bouchard.
10:57 of 1st period - Shot Blocked by Ryan Suter.
11:34 of 1st period - Evan Oberg is hit by Roman Polak and loses puck.
11:41 of 1st period - Slapshot by Ryan Nugent-Hopkins.
11:41 of 1st period - Shot Misses the Net.
11:43 of 1st period - Slapshot by Ryan Nugent-Hopkins.
11:43 of 1st period - Shot Misses the Net.
12:29 of 1st period - Snap shot by Joakim Andersson.
12:29 of 1st period - Stopped by Ben Scrivens with a rebound.
13:46 of 1st period - Backhand shot by Ryan Nugent-Hopkins.
13:46 of 1st period - Stopped by Mike McKenna with a rebound.
13:48 of 1st period - Slapshot by Alex Chiasson.
13:48 of 1st period - Shot Blocked by T.J. Brennan.
14:02 of 1st period - Snap shot by Ryan Nugent-Hopkins.
14:02 of 1st period - Shot Misses the Net.
14:18 of 1st period - Tom Gilbert is hit by Ryan Suter and loses puck.
14:27 of 1st period - Slapshot by Michael Kostka.
14:27 of 1st period - Shot Blocked by Tyson Barrie.
14:29 of 1st period - Slapshot by Tom Gilbert.
14:29 of 1st period - Shot Misses the Net.
14:31 of 1st period - Snap shot by Michael Kostka.
14:31 of 1st period - Stopped by Ben Scrivens with a rebound.
14:49 of 1st period - Wrist shot by Stephen Weiss.
14:49 of 1st period - Stopped by Ben Scrivens with a rebound.
15:17 of 1st period - Mark Borowiecki is hit by Alex Chiasson.
16:16 of 1st period - Jaden Schwartz is hit by Matt Calvert and loses puck.
17:19 of 1st period - Slapshot by Tom Gilbert.
17:19 of 1st period - Shot Blocked by Mattias Ekholm.
17:27 of 1st period - Snap shot by David Jones.
17:27 of 1st period - Shot Blocked by Matt Calvert.
17:29 of 1st period - Wrist shot by Tom Gilbert.
17:29 of 1st period - Shot Misses the Net.
18:10 of 1st period - Slapshot by Ryan Nugent-Hopkins.
18:10 of 1st period - Shot Blocked by Markus Granlund.
18:12 of 1st period - Slapshot by Dmitry Kulikov.
18:12 of 1st period - Deflect By Ryan Nugent-Hopkins.
18:12 of 1st period - Stopped by Mike McKenna without a rebound.
18:13 of 1st period - Stephen Weiss wins face-off versus Jiri Tlusty in Coyotes zone.
18:42 of 1st period - Ryan Suter is hit by Tom Gilbert and loses puck.
19:13 of 1st period - Snap shot by Ondrej Palat.
19:13 of 1st period - Stopped by Mike McKenna without a rebound.
19:14 of 1st period - Stephen Weiss wins face-off versus Brandon Dubinsky in Coyotes zone.
19:58 of 1st period - Icing by Matt Calvert.
19:59 of 1st period - Joakim Andersson wins face-off versus Dave Bolland in Lightning zone.
Goals for this period are 2 for Lightning vs 0 for Coyotes.
Shots for this period are 9 for Lightning vs 8 for Coyotes.

2nd period


0:01 of 2nd period - Joakim Andersson wins face-off versus Ryan Nugent-Hopkins in neutral zone.
1:06 of 2nd period - Snap shot by Paul Byron.
1:06 of 2nd period - Shot Misses the Net.
1:08 of 2nd period - Snap shot by Evan Oberg.
1:08 of 2nd period - Shot Blocked by Ondrej Palat.
1:10 of 2nd period - Snap shot by Jaden Schwartz.
1:10 of 2nd period - Goal by Jaden Schwartz - Lightning : 2 - Coyotes : 1.
1:11 of 2nd period - Sean Monahan wins face-off versus Dave Bolland in neutral zone.
1:46 of 2nd period - Slapshot by Dave Bolland.
1:46 of 2nd period - Stopped by Mike McKenna without a rebound.
1:47 of 2nd period - Ryan Nugent-Hopkins wins face-off versus Joakim Andersson in Coyotes zone.
1:52 of 2nd period - Wrist shot by Ryan Nugent-Hopkins.
1:52 of 2nd period - Shot Blocked by Eric Nystrom.
1:54 of 2nd period - Snap shot by Marc Methot.
1:54 of 2nd period - Shot Blocked by T.J. Brennan.
1:56 of 2nd period - Slapshot by Dmitry Kulikov.
1:56 of 2nd period - Shot Blocked by Eric Nystrom.
1:58 of 2nd period - Slapshot by Marc Methot.
1:58 of 2nd period - Shot Misses the Net.
2:00 of 2nd period - Slapshot by Dmitry Kulikov.
2:00 of 2nd period - Stopped by Mike McKenna with a rebound.
2:02 of 2nd period - Snap shot by Dmitry Kulikov.
2:02 of 2nd period - Shot Blocked by Mark Borowiecki.
2:04 of 2nd period - Slapshot by Dmitry Kulikov.
2:04 of 2nd period - Stopped by Mike McKenna with a rebound.
2:06 of 2nd period - Snap shot by Dmitry Kulikov.
2:06 of 2nd period - Shot Blocked by Joakim Andersson.
2:08 of 2nd period - Snap shot by Marc Methot.
2:08 of 2nd period - Deflect By Alex Chiasson.
2:08 of 2nd period - Goal by Alex Chiasson - Lightning : 3 - Coyotes : 1.
2:09 of 2nd period - Joakim Andersson wins face-off versus Ryan Nugent-Hopkins in neutral zone.
2:29 of 2nd period - Icing by Tom Gilbert.
2:30 of 2nd period - Brandon Dubinsky wins face-off versus Joakim Andersson in Coyotes zone.
2:51 of 2nd period - Wrist shot by David Jones.
2:51 of 2nd period - Stopped by Ben Scrivens with a rebound.
3:25 of 2nd period - Mattias Ekholm is hit by Paul Byron and loses puck.
3:30 of 2nd period - Snap shot by Jaden Schwartz.
3:30 of 2nd period - Shot Misses the Net.
3:51 of 2nd period - Nick Petrecki is hit by Ryan Nugent-Hopkins and loses puck.
4:08 of 2nd period - Snap shot by Stephen Weiss.
4:08 of 2nd period - Deflect By Alex Chiasson.
4:08 of 2nd period - Shot Misses the Net.
4:08 of 2nd period - Puck is out of play.
4:09 of 2nd period - Dave Bolland wins face-off versus Markus Granlund in Lightning zone.
4:20 of 2nd period - Wrist shot by Matt Calvert.
4:20 of 2nd period - Shot Misses the Net.
4:28 of 2nd period - Nikolai Kulemin is hit by Dale Weise and loses puck.
4:33 of 2nd period - Snap shot by Dale Weise.
4:33 of 2nd period - Shot Blocked by Marc Methot.
5:22 of 2nd period - Minor Penalty to Dmitry Kulikov for Hooking.
5:23 of 2nd period - Sean Monahan wins face-off versus Brandon Dubinsky in Lightning zone.
5:34 of 2nd period - Wrist shot by Jaden Schwartz.
5:34 of 2nd period - Stopped by Ben Scrivens with a rebound.
6:08 of 2nd period - Michael Kostka is hit by John Mitchell and loses puck.
6:45 of 2nd period - Snap shot by Sean Monahan.
6:45 of 2nd period - Goal by Sean Monahan - Lightning : 3 - Coyotes : 2.
6:46 of 2nd period - Markus Granlund wins face-off versus Ryan Nugent-Hopkins in neutral zone.
7:21 of 2nd period - Wrist shot by Ryan Nugent-Hopkins.
7:21 of 2nd period - Deflect By Alex Chiasson.
7:21 of 2nd period - Shot Misses the Net.
7:21 of 2nd period - Puck is out of play.
7:22 of 2nd period - Sean Monahan wins face-off versus Brandon Dubinsky in Coyotes zone.
8:15 of 2nd period - Slapshot by Tyson Barrie.
8:15 of 2nd period - Stopped by Mike McKenna with a rebound.
8:17 of 2nd period - Backhand shot by Ryan Suter.
8:17 of 2nd period - Shot Blocked by Paul Byron.
8:19 of 2nd period - Wrist shot by Erik Condra.
8:19 of 2nd period - Stopped by Mike McKenna with a rebound.
8:21 of 2nd period - Snap shot by John Mitchell.
8:21 of 2nd period - Deflect By Erik Condra.
8:21 of 2nd period - Stopped by Mike McKenna with a rebound.
8:23 of 2nd period - Slapshot by Ryan Suter.
8:23 of 2nd period - Stopped by Mike McKenna with a rebound.
8:41 of 2nd period - Jaden Schwartz is hit by Shawn Matthias and loses puck.
9:00 of 2nd period - Michael Kostka is hit by Tyson Barrie and loses puck.
9:37 of 2nd period - Icing by Stephen Weiss.
9:38 of 2nd period - Dave Bolland wins face-off versus Stephen Weiss in Coyotes zone.
10:06 of 2nd period - Snap shot by Pierre-Marc Bouchard.
10:06 of 2nd period - Shot Misses the Net.
10:16 of 2nd period - Wrist shot by Pierre-Marc Bouchard.
10:16 of 2nd period - Stopped by Ben Scrivens without a rebound.
10:17 of 2nd period - Markus Granlund wins face-off versus Brandon Dubinsky in Lightning zone.
10:56 of 2nd period - Minor Penalty to Dale Weise for Hooking.
10:57 of 2nd period - Joakim Andersson wins face-off versus Alex Chiasson in Coyotes zone.
11:09 of 2nd period - Tyson Barrie is hit by Joakim Andersson and loses puck.
11:25 of 2nd period - Snap shot by Alex Chiasson.
11:25 of 2nd period - Goal by Alex Chiasson - Lightning : 4 - Coyotes : 2.
11:25 of 2nd period - Carter Hutton enters game.
11:26 of 2nd period - Sean Monahan wins face-off versus Brandon Dubinsky in neutral zone.
12:01 of 2nd period - Snap shot by Ondrej Palat.
12:01 of 2nd period - Shot Misses the Net.
12:19 of 2nd period - Joakim Andersson is hit by Ryan Nugent-Hopkins and loses puck.
12:44 of 2nd period - Wrist shot by Ryan Nugent-Hopkins.
12:44 of 2nd period - Shot Blocked by T.J. Brennan.
12:56 of 2nd period - Wrist shot by Matt Calvert.
12:56 of 2nd period - Goal by Matt Calvert - Lightning : 5 - Coyotes : 2.
12:57 of 2nd period - Stephen Weiss wins face-off versus Nikolai Kulemin in neutral zone.
13:02 of 2nd period - Snap shot by Pierre-Marc Bouchard.
13:02 of 2nd period - Stopped by Ben Scrivens with a rebound.
13:39 of 2nd period - Matt Calvert is hit by Stephen Weiss and loses puck.
14:46 of 2nd period - Nick Petrecki is hit by Ryan Suter and loses puck.
15:06 of 2nd period - Snap shot by David Jones.
15:06 of 2nd period - Shot Misses the Net.
15:23 of 2nd period - Minor Penalty to John Mitchell for Hooking.
15:24 of 2nd period - Brandon Dubinsky wins face-off versus Joakim Andersson in Lightning zone.
16:04 of 2nd period - Wrist shot by Ryan Suter.
16:04 of 2nd period - Stopped by Carter Hutton with a rebound.
16:49 of 2nd period - Slapshot by Evan Oberg.
16:49 of 2nd period - Shot Blocked by Marc Methot.
16:51 of 2nd period - Slapshot by T.J. Brennan.
16:51 of 2nd period - Stopped by Ben Scrivens with a rebound.
17:23 of 2nd period - Penalty to John Mitchell is over, John Mitchell is back on ice.
17:29 of 2nd period - Dmitry Kulikov is hit by Evan Oberg and loses puck.
18:27 of 2nd period - Slapshot by Ryan Suter.
18:27 of 2nd period - Shot Blocked by Mark Borowiecki.
18:29 of 2nd period - Slapshot by Ryan Suter.
18:29 of 2nd period - Deflect By Shawn Matthias.
18:29 of 2nd period - Shot Misses the Net.
18:29 of 2nd period - Puck is out of play.
18:30 of 2nd period - Stephen Weiss wins face-off versus John Mitchell in Coyotes zone.
18:36 of 2nd period - Snap shot by Erik Condra.
18:36 of 2nd period - Shot Hit the Post.
18:38 of 2nd period - Snap shot by Shawn Matthias.
18:38 of 2nd period - Stopped by Carter Hutton with a rebound.
18:42 of 2nd period - Slapshot by Ryan Suter.
18:42 of 2nd period - Goal by Ryan Suter - Lightning : 6 - Coyotes : 2.
18:43 of 2nd period - Markus Granlund wins face-off versus Alex Chiasson in neutral zone.
18:46 of 2nd period - Wrist shot by Dale Weise.
18:46 of 2nd period - Shot Misses the Net.
19:31 of 2nd period - Snap shot by Patrick Marleau.
19:31 of 2nd period - Shot Misses the Net.
19:33 of 2nd period - Slapshot by Roman Polak.
19:33 of 2nd period - Shot Blocked by Steve Quailer.
19:43 of 2nd period - Steve Quailer is hit by Ryan Suter and loses puck.
Goals for this period are 4 for Lightning vs 2 for Coyotes.
Shots for this period are 13 for Lightning vs 7 for Coyotes.

3rd period


0:01 of 3rd period - Ryan Nugent-Hopkins wins face-off versus Sean Monahan in neutral zone.
1:09 of 3rd period - T.J. Brennan is hit by Matt Calvert and loses puck.
1:46 of 3rd period - Off-side.
1:47 of 3rd period - John Mitchell wins face-off versus Pierre-Marc Bouchard in neutral zone.
1:54 of 3rd period - Slapshot by Ryan Suter.
1:54 of 3rd period - Shot Blocked by Evan Oberg.
1:56 of 3rd period - Slapshot by Erik Condra.
1:56 of 3rd period - Stopped by Carter Hutton with a rebound.
1:58 of 3rd period - Slapshot by Ryan Suter.
1:58 of 3rd period - Deflect By Pierre-Marc Bouchard.
1:58 of 3rd period - Stopped by Carter Hutton without a rebound.
1:59 of 3rd period - Stephen Weiss wins face-off versus John Mitchell in Coyotes zone.
2:17 of 3rd period - Slapshot by Tyson Barrie.
2:17 of 3rd period - Stopped by Carter Hutton with a rebound.
2:19 of 3rd period - Slapshot by Tyson Barrie.
2:19 of 3rd period - Stopped by Carter Hutton with a rebound.
2:21 of 3rd period - Snap shot by Shawn Matthias.
2:21 of 3rd period - Deflect By Stephen Weiss.
2:21 of 3rd period - Shot Misses the Net.
2:21 of 3rd period - Puck is out of play.
2:22 of 3rd period - Markus Granlund wins face-off versus Ryan Nugent-Hopkins in Coyotes zone.
4:14 of 3rd period - Wrist shot by Sean Monahan.
4:14 of 3rd period - Deflect By Jaden Schwartz.
4:14 of 3rd period - Stopped by Ben Scrivens with a rebound.
5:15 of 3rd period - Wrist shot by John Mitchell.
5:15 of 3rd period - Shot Blocked by Terry Broadhurst.
6:14 of 3rd period - Snap shot by Patrick Marleau.
6:14 of 3rd period - Stopped by Carter Hutton with a rebound.
6:16 of 3rd period - Wrist shot by Ondrej Palat.
6:16 of 3rd period - Stopped by Carter Hutton with a rebound.
6:23 of 3rd period - Minor Penalty to T.J. Brennan for Cross-checking.
6:24 of 3rd period - Ryan Nugent-Hopkins wins face-off versus Joakim Andersson in Coyotes zone.
7:00 of 3rd period - Tyson Barrie is hit by Joakim Andersson and loses puck.
7:13 of 3rd period - Snap shot by Brandon Dubinsky.
7:13 of 3rd period - Shot Misses the Net.
7:15 of 3rd period - Wrist shot by Patrick Marleau.
7:15 of 3rd period - Goal by Patrick Marleau - Lightning : 7 - Coyotes : 2.
7:16 of 3rd period - Dave Bolland wins face-off versus Sean Monahan in neutral zone.
10:07 of 3rd period - Slapshot by Ryan Suter.
10:07 of 3rd period - Stopped by Carter Hutton with a rebound.
10:09 of 3rd period - Wrist shot by Shawn Matthias.
10:09 of 3rd period - Shot Misses the Net.
10:11 of 3rd period - Snap shot by Erik Condra.
10:11 of 3rd period - Stopped by Carter Hutton with a rebound.
10:13 of 3rd period - Snap shot by Shawn Matthias.
10:13 of 3rd period - Stopped by Carter Hutton without a rebound.
10:14 of 3rd period - Dave Bolland wins face-off versus Sean Monahan in Coyotes zone.
10:29 of 3rd period - Slapshot by Sean Monahan.
10:29 of 3rd period - Stopped by Ben Scrivens with a rebound.
10:43 of 3rd period - Wrist shot by Jaden Schwartz.
10:43 of 3rd period - Stopped by Ben Scrivens with a rebound.
10:45 of 3rd period - Snap shot by Jaden Schwartz.
10:45 of 3rd period - Shot Blocked by Dmitry Kulikov.
10:47 of 3rd period - Slapshot by Jaden Schwartz.
10:47 of 3rd period - Shot Misses the Net.
10:49 of 3rd period - Snap shot by Tom Gilbert.
10:49 of 3rd period - Shot Misses the Net.
11:06 of 3rd period - Icing by T.J. Brennan.
11:07 of 3rd period - Stephen Weiss wins face-off versus Ryan Nugent-Hopkins in Coyotes zone.
11:28 of 3rd period - Snap shot by Alex Chiasson.
11:28 of 3rd period - Stopped by Carter Hutton with a rebound.
11:30 of 3rd period - Slapshot by Alex Chiasson.
11:30 of 3rd period - Stopped by Carter Hutton with a rebound.
11:40 of 3rd period - Wrist shot by Ryan Nugent-Hopkins.
11:40 of 3rd period - Shot Misses the Net.
11:42 of 3rd period - Wrist shot by Jiri Tlusty.
11:42 of 3rd period - Shot Misses the Net.
11:44 of 3rd period - Slapshot by Ryan Suter.
11:44 of 3rd period - Stopped by Carter Hutton without a rebound.
11:45 of 3rd period - Brandon Dubinsky wins face-off versus Joakim Andersson in Coyotes zone.
11:54 of 3rd period - Ondrej Palat is hit by David Jones and loses puck.
13:27 of 3rd period - Slapshot by Ryan Suter.
13:27 of 3rd period - Goal by Ryan Suter - Lightning : 8 - Coyotes : 2.
13:28 of 3rd period - Stephen Weiss wins face-off versus Ryan Nugent-Hopkins in neutral zone.
13:45 of 3rd period - Slapshot by Ryan Nugent-Hopkins.
13:45 of 3rd period - Deflect By Stephen Weiss.
13:45 of 3rd period - Shot Blocked by Stephen Weiss.
13:45 of 3rd period - Puck is out of play.
13:46 of 3rd period - Stephen Weiss wins face-off versus Ryan Nugent-Hopkins in Coyotes zone.
13:53 of 3rd period - Wrist shot by Alex Chiasson.
13:53 of 3rd period - Shot Misses the Net.
13:55 of 3rd period - Snap shot by Marc Methot.
13:55 of 3rd period - Shot Misses the Net.
13:57 of 3rd period - Wrist shot by Ryan Nugent-Hopkins.
13:57 of 3rd period - Shot Blocked by T.J. Brennan.
13:59 of 3rd period - Slapshot by Marc Methot.
13:59 of 3rd period - Stopped by Carter Hutton with a rebound.
14:01 of 3rd period - Slapshot by Dmitry Kulikov.
14:01 of 3rd period - Shot Misses the Net.
14:03 of 3rd period - Snap shot by Alex Chiasson.
14:03 of 3rd period - Stopped by Carter Hutton with a rebound.
14:07 of 3rd period - Slapshot by Ryan Nugent-Hopkins.
14:07 of 3rd period - Goal by Ryan Nugent-Hopkins - Lightning : 9 - Coyotes : 2.
14:08 of 3rd period - Sean Monahan wins face-off versus Brandon Dubinsky in neutral zone.
15:17 of 3rd period - Joakim Andersson is hit by Ryan Suter and loses puck.
16:09 of 3rd period - Roman Polak is hit by Terry Broadhurst.
16:37 of 3rd period - Snap shot by Markus Granlund.
16:37 of 3rd period - Shot Misses the Net.
16:39 of 3rd period - Wrist shot by Markus Granlund.
16:39 of 3rd period - Stopped by Ben Scrivens with a rebound.
16:41 of 3rd period - Snap shot by Markus Granlund.
16:41 of 3rd period - Shot Misses the Net.
16:43 of 3rd period - Snap shot by Steve Quailer.
16:43 of 3rd period - Stopped by Ben Scrivens without a rebound.
16:44 of 3rd period - John Mitchell wins face-off versus Markus Granlund in Lightning zone.
16:59 of 3rd period - Wrist shot by Markus Granlund.
16:59 of 3rd period - Stopped by Ben Scrivens with a rebound.
17:01 of 3rd period - Slapshot by Mark Borowiecki.
17:01 of 3rd period - Stopped by Ben Scrivens with a rebound.
17:03 of 3rd period - Snap shot by Steve Quailer.
17:03 of 3rd period - Stopped by Ben Scrivens with a rebound.
17:35 of 3rd period - Slapshot by Brandon Dubinsky.
17:35 of 3rd period - Stopped by Carter Hutton with a rebound.
18:53 of 3rd period - Eric Nystrom is hit by Nikolai Kulemin and loses puck.
19:11 of 3rd period - Minor Penalty to Eric Nystrom for Interference.
19:12 of 3rd period - Brandon Dubinsky wins face-off versus Joakim Andersson in Coyotes zone.
19:43 of 3rd period - Patrick Marleau is hit by Mark Borowiecki and loses puck.
Goals for this period are 3 for Lightning vs 0 for Coyotes.
Shots for this period are 18 for Lightning vs 8 for Coyotes.


Output by the SimonT Hockey Simulator (STHS) for Eric Dolegowski -- Original Page W3C XHTML 1.0 Valid
Hockey Simulator - Hockey Simulation - Hockey Manager